Map: Lerilak Crest

Players

Polt

  • Race: Terran Terran

Snute - Winner!

  • Race: Zerg Zerg

Event: 2016 WCS Winter Circuit Championship

VOD

Have the link to the VOD?

Description

Time

  • Played on: March 5, 2016, 8:44 a.m.
  • Length: 6:56

All games in this series

Show
View Real Time Build Order
Export as new Build Order

Polt Terran 

Build Orders: Hellion Opening, Reaper Expand 

Get SALT Encoding   

  12  0:00  SCV  
  13  0:12  SCV  
  14  0:17  Supply Depot  
  14  0:24  SCV  
  15  0:39  SCV  
  15  0:40  Barracks  
  16  0:43  Refinery  
  16  0:51  SCV  
  17  1:03  SCV  
  18  1:15  SCV  
  19  1:27  Reaper, Orbital Command  
  20  1:40  Command Center  
  20  1:51  Supply Depot  
  20  1:52  SCV  
  21  1:58  Marine  
  22  2:05  SCV  
  22  2:07  Factory  
  23  2:17  SCV  
  23  2:20  Barracks Reactor  
  24  2:29  SCV  
  25  2:35  Supply Depot  
  25  2:41  SCV  
  26  2:53  Orbital Command, SCV  
  26  2:54  Bunker  
  27  2:59  Factory  
  27  3:03  Hellion x2  
  27  3:05  SCV  
  32  3:10  Supply Depot  
  32  3:16  Barracks Reactor  
  32  3:17  SCV  
  32  3:19  SCV  
  34  3:27  Hellion x2  
  38  3:29  SCV  
  38  3:31  SCV  
  38  3:32  Supply Depot  
  39  3:41  SCV  
  39  3:43  SCV  
  39  3:48  Hellion x2  
  45  3:53  SCV  
  47  3:55  SCV  
  47  3:57  Hellion x2  
  47  3:59  Armory  
  51  4:04  Barracks Tech Lab  
  51  4:06  SCV  
  51  4:07  SCV  
  51  4:09  Hellion  
  57  4:10  Hellion  
  57  4:18  Hellion  
  57  4:19  Hellion  
  57  4:21  Supply Depot  
  57  4:23  Supply Depot  
  57  4:24  Marine  
  61  4:31  Hellion x2  
  66  4:35  SCV  
  66  4:36  SCV  
  68  4:40  Hellion  
  68  4:41  Stimpack  
  68  4:42  Hellion, Marine  
  73  4:51  SCV x2  
  73  4:52  Hellion x2  
  75  5:01  Hellion  
  75  5:02  Marine  
  72  5:12  SCV x2  
  72  5:16  Refinery  
  72  5:18  Refinery  
  72  5:19  Refinery  
  66  5:26  Marauder  
  56  5:31  SCV x2  
  56  5:34  Factory Tech Lab  
  58  5:36  Barracks  
  58  5:37  Engineering Bay, Factory Tech Lab  
  58  5:38  Barracks x3  
  58  5:43  Supply Depot x2  
  58  5:53  Siege Tank, Marauder  
  58  5:57  SCV x2  
  58  6:10  Siege Tank  
  58  6:11  SCV x2  
  52  6:14  Marauder  
  48  6:25  Orbital Command  
  31  6:36  Marine x6  
Show
View Real Time Build Order
Export as new Build Order

Snute Zerg - Winner!

Build Orders: Hatch First 

Get SALT Encoding   

  12  0:00  Drone  
  13  0:12  Overlord  
  13  0:16  Drone  
  14  0:30  Drone x2  
  14  0:34  Drone  
  17  0:51  Hatchery  
  17  0:54  Drone  
  17  0:57  Drone  
  17  1:00  Extractor  
  17  1:13  Spawning Pool  
  17  1:16  Drone  
  17  1:19  Drone  
  18  1:27  Drone  
  19  1:38  Overlord  
  19  1:59  Queen  
  19  2:00  Zergling x4  
  19  2:01  Metabolic Boost  
  23  2:03  Queen  
  25  2:10  Overlord  
  25  2:14  Drone  
  26  2:21  Drone  
  27  2:31  Drone x2  
  27  2:32  Drone  
  30  2:38  Queen  
  30  2:43  Drone x2  
  34  2:48  Zergling x2  
  35  2:54  Zergling x2  
  35  2:57  Zergling x2  
  37  3:04  Overlord  
  37  3:06  Drone  
  37  3:09  Drone x3  
  37  3:11  Drone  
  37  3:12  Drone  
  43  3:16  Drone  
  44  3:25  Drone x2  
  46  3:30  Drone x2  
  47  3:37  Queen  
  47  3:39  Hatchery  
  47  3:40  Extractor  
  47  3:45  Roach Warren  
  47  3:48  Drone x2  
  48  3:53  Overlord  
  48  3:54  Drone  
  50  3:55  Drone  
  50  3:59  Overlord  
  50  4:09  Spore Crawler  
  50  4:10  Drone  
  50  4:25  Roach x4  
  50  4:26  Roach x4  
  50  4:30  Roach  
  68  4:32  Overlord  
  68  4:35  Roach x2  
  68  4:44  Overlord  
  68  4:49  Evolution Chamber  
  68  4:50  Evolution Chamber  
  68  4:52  Ravager x2  
  68  4:59  Roach  
  68  5:00  Roach x7  
  68  5:07  Roach  
  68  5:08  Roach x2  
  70  5:15  Roach  
  70  5:23  Zergling x8  
  70  5:26  Ravager  
  70  5:27  Zergling x4  
  70  5:28  Zergling x2  
  78  5:34  Zergling x2  
  79  5:36  Zergling x2  
  79  5:38  Zergling x2  
  79  5:42  Queen x2  
  83  5:44  Lair  
  83  5:46  Zergling x2  
  86  6:00  Zergling x8  
  86  6:01  Overlord  
  85  6:15  Zergling x10  
  85  6:21  Zergling x6  
  85  6:22  Zergling x4  
Tags
 
Add a new tag
Caveats
  • Supply blocks, unpowered buildings, or Contaminate may cause inaccurate times.
  • Supply counts are checked every 10 seconds.